 Seeded DCSS version 0.29.1-1-gd02db6906a (webtiles) character file.

Game seed: 20220923 (custom seed)

5315 virigoth the Cleaver (level 10, -6/93 HPs)
             Began as a Minotaur Berserker on Sept 23, 2022.
             Was a Priest of Trog.
             Killed by divine providence
             ... invoked by an orc priest
              (15 damage)
             ... on level 9 of the Dungeon.
             The game lasted 00:28:56 (11145 turns).

virigoth the Cleaver (Minotaur Berserker)          Turns: 11145, Time: 00:28:56

Health: -6/93      AC:  7    Str: 23    XL:     10   Next: 37%
Magic:  9/9        EV:  8    Int:  8    God:    Trog [***...]
Gold:   456        SH: 12    Dex: 15    Spells: 9/9 levels left

rFire   . . .      SeeInvis .   a - +1 hand axe (venom)
rCold   + . .      Faith    .   W - +0 tower shield
rNeg    . . .      Spirit   .   L - +0 ring mail
rPois   .          Reflect  .   (helmet restricted)
rElec   .          Harm     .   (no cloak)
rCorr   .          Rampage  .   (no gloves)
Will    .....                   (no boots)
Stlth   +.........              (no amulet)
HPRegen 0.25/turn               V - +6 ring of dexterity
MPRegen 0.11/turn               u - ring of protection from cold

@: on berserk cooldown, slowed, very slow
A: horns 2, retaliatory headbutt
a: Renounce Religion, Berserk, Trog's Hand


You were on level 9 of the Dungeon.
You worshipped Trog.
Trog was most pleased with you.
You visited 1 branch of the dungeon, and saw 10 of its levels.

You collected 519 gold pieces.
You spent 63 gold pieces at shops.

Inventory:

Hand Weapons
 a - a +1 hand axe of venom (weapon)
 f - a +2 mace of holy wrath
 t - a +1 dagger of venom
 D - a +2 flail of protection
 M - a +2 short sword of freezing
 Q - a +2 dagger of venom
 S - a +2 whip of flaming
Missiles
 w - 25 poisoned darts
 P - 5 boomerangs of dispersal (quivered)
 Y - 2 throwing nets
Armour
 L - a +0 ring mail (worn)
 T - a +2 robe of resistance
 W - a +0 tower shield (worn)
Jewellery
 u - a ring of protection from cold (right hand)
 C - a ring of resist corrosion
 V - a +6 ring of dexterity (left hand)
Wands
 G - a wand of quicksilver (9)
 K - a wand of digging (6)
 O - a wand of polymorph (14)
 R - a wand of iceblast (8)
 X - a wand of charming (7)
Scrolls
 r - 2 scrolls of identify
 E - 5 scrolls of teleportation {!r}
 H - a scroll of fog {!r}
 I - a scroll of blinking {!r}
 Z - a scroll of enchant weapon
Potions
 s - a potion of ambrosia {!q}
 v - a potion of heal wounds {!q}
 z - a potion of lignification {unknown}
 A - 3 potions of resistance
 B - 2 potions of mutation
 F - 5 potions of curing {!q}
 J - a potion of might {unknown}
 N - a potion of haste {unknown}
 U - 2 potions of degeneration {unknown}


   Skills:
 + Level 9.9 Fighting
 * Level 13.4 Axes
 - Level 9.3 Armour
 + Level 2.8 Dodging
 + Level 1.5 Shields


You had 9 spell levels left.
You didn't know any spells.
Your spell library contained the following spells:

 Spells                   Type           Power      Damage    Failure   Level
 Beastly Appendage        Tmut           0%         N/A       100%        1
 Static Discharge         Conj/Air       0%         3-3/arc   100%        2
 Wereblood                Tmut           0%         N/A       100%        2
 Spider Form              Tmut/Pois      0%         N/A       100%        3
 Dispel Undead            Necr           0%         3d6       100%        4
 Sticky Flame             Conj/Fire      0%         2d3       100%        4


Dungeon Overview and Level Annotations

Branches:
Dungeon (10/15)            Temple (0/1) D:5            Lair (0/5) D:9
    Orc: D:9-12

Altars:
Ashenzari
Cheibriados
Dithmenos
Elyvilon
Qazlal
Ru
Sif Muna
Xom

Shops:
D:8 =*


Innate Abilities, Weirdness & Mutations

You have a pair of horns on your head.
You reflexively headbutt those who attack you in melee.


Message History

The orc warrior shouts!
The orc shouts!
The orc warrior unwields a +0 scimitar.
The orc warrior wields a +0 shortbow.
The orc warrior shoots an arrow.
The arrow hits you.
The orc warrior shoots an arrow.
The arrow barely misses you.
You hear a shout!
There are monsters nearby!
There are monsters nearby!
There are monsters nearby!
There are monsters nearby!
You hit the orc warrior.
The orc warrior is lightly wounded.
The orc warrior unwields a +0 shortbow.
The orc warrior wields a +0 scimitar.
The orc warrior hits you with a +0 scimitar!
You block the orc warrior's attack.
You hit the orc warrior but do no damage.
The orc warrior is poisoned.
Your headbutt misses the orc warrior.
The orc warrior is lightly wounded.
An orc priest comes into view. It is wielding a +0 hand axe.
The orc warrior hits you with a +0 scimitar!!
* * * LOW HITPOINT WARNING * * *
The orc closely misses you.
Okay, then.
The orc warrior unwields a +0 scimitar.
The orc warrior wields a +0 shortbow.
The orc warrior shoots an arrow.
You block the arrow.
You hear a shout!
The orc attacks as you move away! You block the orc's attack.
The orc priest mumbles some strange prayers to Beogh against you.
Pain shoots through your body!
* * * LOW HITPOINT WARNING * * *
There is a stone staircase leading down here.
An orc comes into view. It is wielding a +0 whip.
The orc shouts!
The orc warrior shoots an arrow.
The arrow hits you!
* * * LOW HITPOINT WARNING * * *
There is a stone staircase leading up here.
The orc warrior shoots an arrow.
The arrow hits you!
* * * LOW HITPOINT WARNING * * *
The orc priest mumbles some strange prayers to Beogh against you.
Beogh smites you!
You die...

#o #.#######...# #. #.#
#...# #####. #)#######...#
...... #..).........
...(.o########)..........#
#....................#
#..o.................#
#....o...............#
#...oH...............#
#.....................
#....................#
#..................
#...........######
#...........#
..########..# #.. ..#


You could see an orc warrior (poisoned), an orc priest and 2 orcs.

Vanquished Creatures
  Pikel (D:7)
  A salamander (shapeshifter) (D:10)
  Sigmund (D:6)
  3 wyverns (D:7)
  5 yaks (D:8)
  2 steam dragons
  2 water moccasins
  2 orc warriors
  A sky beast (D:6)
  6 centaurs
  5 ogres
  A kobold brigand (D:8)
  3 bullfrogs
  2 necrophages
  2 gnoll sergeants
  3 scorpions
  5 hounds
  A jelly (D:6)
  3 orc priests
  5 iguanas
  8 orc wizards
  9 gnolls
  5 adders
  3 shadow imps
  A white imp (D:5)
  An ufetubus (D:7)
  An adder zombie (D:2)
  2 worms
  2 dart slugs
  26 orcs
  11 ball pythons
  A bat zombie (D:2)
  5 endoplasms
  5 giant cockroaches
  3 goblins
  2 hobgoblins
  2 jackals (D:2)
  17 kobolds
  A quokka (D:1)
  A ball python skeleton (D:2)
  A ball python zombie (D:2)
  4 bats
  A frilled lizard (D:2)
  2 quokka skeletons (D:2)
  6 rats
174 creatures vanquished.

Vanquished Creatures (others)
  2 plants (D:2)
2 creatures vanquished.

Grand Total: 176 creatures vanquished

Notes
Turn   | Place    | Note
-------+----------+-------------------------------------------
     0 | D:1      | virigoth the Minotaur Berserker began the quest for the
                  | Orb.
     0 | D:1      | Reached XP level 1. HP: 19/19 MP: 0/0
   452 | D:1      | Reached skill level 4 in Axes
   452 | D:1      | Reached XP level 2. HP: 27/27 MP: 1/1
   504 | D:1      | Found a faded altar of an unknown god.
  1142 | D:2      | Reached XP level 3. HP: 33/33 MP: 2/2
  1314 | D:2      | Reached ** piety under Trog
  2051 | D:3      | Reached skill level 5 in Axes
  2148 | D:3      | Reached XP level 4. HP: 40/40 MP: 3/3
  2174 | D:3      | Reached XP level 5. HP: 42/47 MP: 4/4
  3003 | D:5      | Entered Level 5 of the Dungeon
  3004 | D:5      | Noticed an ogre
  3096 | D:4      | Found a broken altar of Ashenzari.
  3312 | D:4      | Reached skill level 6 in Axes
  3341 | D:4      | Reached skill level 5 in Fighting
  3602 | D:4      | Reached XP level 6. HP: 48/56 MP: 5/5
  3696 | D:4      | Found a shimmering blue altar of Sif Muna.
  3726 | D:4      | Found a white marble altar of Elyvilon.
  3902 | D:4      | Found a sacrificial altar of Ru.
  4146 | D:5      | Reached skill level 7 in Axes
  4232 | D:5      | Reached skill level 5 in Armour
  4232 | D:5      | Reached XP level 7. HP: 55/62 MP: 6/6
  4571 | D:5      | Reached skill level 8 in Axes
  5194 | D:5      | Found a shimmering altar of Xom.
  5237 | D:5      | Found a staircase to the Ecumenical Temple.
  5348 | D:6      | Reached XP level 8. HP: 26/71 MP: 7/7
  5656 | D:6      | Reached skill level 9 in Axes
  5973 | D:6      | Found a stormy altar of Qazlal.
  5974 | D:6      | Darkkill: yo
  6346 | D:6      | Found a shadowy altar of Dithmenos.
  6599 | D:6      | Reached skill level 10 in Axes
  6667 | D:6      | Noticed Sigmund
  6672 | D:6      | Killed Sigmund
  7338 | D:7      | virigoth: hi
  7353 | D:7      | Noticed Pikel
  7363 | D:7      | Reached XP level 9. HP: 68/81 MP: 8/8
  7385 | D:7      | Killed Pikel
  7386 | D:7      | Reached skill level 11 in Axes
  7604 | D:7      | Found a snail-covered altar of Cheibriados.
  8446 | D:7      | Reached skill level 12 in Axes
  8763 | D:7      | Reached *** piety under Trog
  9362 | D:8      | Found Rekuhily's Mass Market.
  9596 | D:8      | Bought a +0 tower shield for 63 gold pieces
  9682 | D:8      | Found Ynlepp's Jewellery Emporium.
  9978 | D:8      | Reached XP level 10. HP: 74/91 MP: 9/9
 10043 | D:9      | Found a staircase to the Lair.
 10178 | D:8      | Reached skill level 13 in Axes
 11119 | D:10     | Entered Level 10 of the Dungeon
 11119 | D:10     | Noticed a salamander
 11131 | D:10     | Killed a salamander
 11132 | D:10     | Reached skill level 1 in Shields
 11145 | D:9      | HP: 9/93 [orc warrior/arrow (12)]
 11145 | D:9      | Killed from afar by an orc priest

Illustrated notes

Levels and vault maps discovered:
D:1:      dpeg_arrival_line_fractal, layout_basic,
          nicolae_ecumenical_snake_handling
D:2:      cheibrodos_old_hovel, layout_basic, serial_undead, serial_undead_e,
          serial_undead_e, serial_undead_e, serial_undead_a
D:3:      layout_loops_ring
D:4:      layout_loops_corners, mainiacjoe_overflow_surrounded_room,
          mainiacjoe_overflow_two_lobes, nicolae_ru_sacrificial_ziggurat,
          chequers_serial_rivers_marsh, minmay_crossroads
D:5:      layout_cave_pools, lemuel_round_altar, temple_doors_e,
          minmay_misc_feat_nine_boxes
D:6:      layout_basic, mainiacjoe_overflow_boulevard, grunt_qazlal_clouds,
          uniq_sigmund
D:7:      layout_loops_corners, cheibriados_altar_1, uniq_pikel
D:8:      layout_cave_pools, serial_shops, kennysheep_mini_moat,
          minmay_shop_mass
D:9:      minmay_shrinking_squares, layout_small_grid, lair_entry_dummy
D:10:     layout_irregular_city, david_orc_5, nicolae_trove_entry_crystal,
          nicolae_shop_sticking_my_neck_out

Skill      XL: |  1  2  3  4  5  6  7  8  9 10 |
---------------+-------------------------------+-----
Axes           | 4 5 6 7 8 10 12 13 | 13.4
Fighting       | 4 5 6 7 9 |  9.9
Armour         | 3 4 5 7 9 |  9.3
Shields        | 1 |  1.5
Dodging        | |  2.8

Action                   |  1- 3 |  4- 6 |  7- 9 | 10-12 || total
-------------------------+-------+-------+-------+-------++-------
Melee: Hand axe          |    83 |    82 |   225 |   101 ||   491
       Headbutt          |    14 |    13 |    39 |    26 ||    92
       Punch             |     2 |     1 |     3 |     1 ||     7
Invok: Berserk           |     2 |     1 |     6 |     2 ||    11
  Use: Scroll            |     7 |       |     8 |       ||    15
       Potion            |       |       |       |     2 ||     2
Armor: Ring mail         |    30 |    25 |    67 |    23 ||   145
Dodge: Dodged            |    65 |    38 |   102 |    39 ||   244
Block: Tower shield      |       |       |       |    26 ||    26
